 Dungeon Crawl Stone Soup version 0.30-a0-737-gf23d94013f (webtiles) character file.

Game seed: 9242850189304271719

630 Gargoyl the Chopper (level 7, -3/66 HPs)
             Began as a Gargoyle Berserker on Feb 1, 2023.
             Was a Priest of Trog.
             Slain by a killer bee (6 damage)
             ... on level 8 of the Dungeon.
             The game lasted 00:04:11 (2569 turns).

Gargoyl the Chopper (Gargoyle Berserker)            Turns: 2569, Time: 00:04:12

Health: -3/66      AC: 18    Str: 20    XL:     7   Next: 48%
Magic:  7/7        EV:  8    Int:  8    God:    Trog [***...]
Gold:   173        SH:  0    Dex: 11    Spells: 6/6 levels left

rFire   . . .      SeeInvis .    a - +0 hand axe
rCold   . . .      Faith    .    (no shield)
rNeg    + + .      Spirit   .    s - +0 chain mail
rPois   ∞          Reflect  .    r - +0 helmet
rElec   +          Harm     .    (no cloak)
rCorr   +          Rampage  .    (no gloves)
Will    ++...                    f - +2 pair of boots Stlth
                                 (no amulet)
HPRegen 1.31/turn                i - ring of positive energy
MPRegen 0.10/turn                c - ring of resist corrosion

@: berserking (expiring), strong-willed, regenerating, very quick
A: sickness immunity, AC +4, negative energy resistance 1, electricity
resistance, torment resistance 1, petrification resistance
a: Renounce Religion, Berserk, Trog's Hand


You were on level 8 of the Dungeon.
You worshipped Trog.
Trog was most pleased with you.
You visited 1 branch of the dungeon, and saw 6 of its levels.

You collected 173 gold pieces.

Inventory:

Hand Weapons
 a - a +0 hand axe (weapon)
Missiles
 t - 5 poisoned darts (quivered)
Armour
 f - a +2 pair of boots (worn)
 r - a +0 helmet (worn)
 s - a +0 chain mail (worn)
Jewellery
 c - a ring of resist corrosion (right hand)
 i - a ring of positive energy (left hand)
Scrolls
 b - a scroll of torment
 d - 2 scrolls of identify
 e - 5 scrolls of teleportation
 n - a scroll of poison
 w - 2 scrolls of immolation
Potions
 g - 2 potions of curing {unknown}
 h - a potion of berserk rage {unknown}
 j - 3 potions of heal wounds {unknown}
 k - 2 potions of brilliance {unknown}
 l - a potion of lignification {unknown}
 m - a potion of mutation {unknown}
 o - a potion of haste {unknown}
 u - a potion of degeneration {unknown}
 v - a potion of flight {unknown}


   Skills:
 + Level 4.8 Fighting
 + Level 5.8 Axes
 + Level 4.1 Armour
 + Level 2.7 Dodging
 + Level 0.8 Stealth


You had 6 spell levels left.
You didn't know any spells.
Your spell library was empty.

Dungeon Overview and Level Annotations

Branches:
Dungeon (5/15)
 Temple: D:4-7

Altars:


Innate Abilities, Weirdness & Mutations

You are immune to sickness and miasma.
Your stone body is resilient. (AC +4)
You are immune to poison.
You resist negative energy. (rN+)
You are resistant to electric shocks. (rElec)
You are resistant to unholy torment.
You are immune to petrification.


Message History

You miss the killer bee.
The killer bee is heavily wounded.
You barely miss the killer bee.
The killer bee stings you but does no damage.
The killer bee stings you.
* * * LOW HITPOINT WARNING * * *
Unknown command.
You hit the killer bee.
The killer bee is severely wounded.
You hit the killer bee. The killer bee barely misses you. x2
Unknown command.
You slash the killer bee!
You kill the killer bee!
Trog accepts your kill.
You miss the killer bee. The killer bee stings you.
* * * LOW HITPOINT WARNING * * *
The killer bee barely misses you.
Your Armour skill increases to level 4!
Unknown command.
You barely miss the killer bee.
The killer bee is moderately wounded.
You slash the killer bee!
The killer bee stings you but does no damage. x2
Unknown command.
You closely miss the killer bee.
The killer bee is moderately wounded.
You miss the killer bee. The killer bee stings you.
* * * LOW HITPOINT WARNING * * *
The killer bee stings you but does no damage.
Unknown command.
You barely miss the killer bee. Your punch misses the killer bee.
The killer bee is moderately wounded.
You closely miss the killer bee. The killer bee barely misses you. x2
Unknown command.
You miss the killer bee.
The killer bee is moderately wounded.
You hit the killer bee. The killer bee stings you.
* * * LOW HITPOINT WARNING * * *
The killer bee stings you.
You die... $ # . #.#. ..# ... #$### #yyy#

#@###
#...##############
###..............#
######.........#
#.........#
#.........#
###########


You could see 3 killer bees.

Vanquished Creatures
  Menkaure (D:4)
  A bullfrog (D:4)
  A necrophage (D:4)
  A scorpion (D:4)
  2 killer bees (D:8)
  A hound (D:4)
  A jelly (D:4)
  Terence (D:3)
  Robin (D:2)
  6 adders
  3 worms
  2 dart slugs
  5 bats
  5 endoplasms
  4 giant cockroaches
  20 goblins
  5 hobgoblins
  2 jackals (D:3)
  A quokka (D:1)
  6 ball pythons
  2 frilled lizards
  3 kobolds
  8 rats
82 creatures vanquished.

Notes
Turn   | Place    | Note
-------+----------+-------------------------------------------
     0 | D:1      | Gargoyl the Gargoyle Berserker began the quest for the Orb.
     0 | D:1      | Reached XP level 1. HP: 14/14 MP: 1/1
    96 | D:1      | Reached XP level 2. HP: 19/19 MP: 2/2
   280 | D:1      | Reached skill level 3 in Axes
   564 | D:2      | Reached XP level 3. HP: 24/24 MP: 3/3
   566 | D:2      | Reached ** piety under Trog
   875 | D:2      | Reached XP level 4. HP: 24/29 MP: 4/4
   907 | D:2      | Identified the +4 ring mail "Adwan" {Int+5 Stlth-}
   920 | D:2      | Noticed Robin
   937 | D:2      | Killed Robin
  1326 | D:3      | Noticed Terence
  1339 | D:3      | Killed Terence
  1340 | D:3      | Reached skill level 4 in Axes
  1340 | D:3      | Reached XP level 5. HP: 33/33 MP: 5/5
  1851 | D:4      | Reached XP level 6. HP: 38/38 MP: 6/6
  1887 | D:4      | Reached skill level 5 in Axes
  1955 | D:4      | Reached *** piety under Trog
  2011 | D:4      | Noticed Menkaure
  2021 | D:4      | Killed Menkaure
  2022 | D:4      | Reached XP level 7. HP: 44/44 MP: 7/7
  2498 | D:5      | Entered Level 5 of the Dungeon
  2522 | D:5      | You fall into a shaft and drop 3 floors!
  2555 | D:8      | HP: 3/66 [killer bee (6)]
  2565 | D:8      | HP: 3/66 [killer bee (4)]
  2569 | D:8      | Slain by a killer bee

Illustrated notes

Levels and vault maps discovered:
D:1:      wander_arrival_abandoned_jail, layout_rooms, minmay_heptomino_o4
D:2:      layout_rooms, hex_large, uniq_robin
D:3:      layout_loops_ring, uniq_terence
D:4:      layout_rooms, minivault_25, uniq_menkaure
D:5:      layout_basic, lemuel_tele_altar, serial_shops,
          nicolae_shop_statue_plus, kennysheep_generic_room_5
D:8:      layout_rooms, serial_glass, glass_columns_a, glass_columns_b,
          minmay_misc_feat_enclosed

Skill      XL: |  1  2  3  4  5  6  7 |
---------------+----------------------+-----
Axes           | 3 4 5 |  5.8
Dodging        | 2 |  2.7
Fighting       | 4 |  4.8
Armour         | 3 4 |  4.1
Stealth        | |  0.8

Action                     |  1- 3 |  4- 6 |  7- 9 || total
---------------------------+-------+-------+-------++-------
  Melee: Hand axe          |   133 |   148 |    49 ||   330
         Punch             |     1 |     2 |       ||     3
 Invoke: Berserk           |       |     4 |     1 ||     5
         Trog's Hand       |       |     2 |     1 ||     3
    Use: Scroll            |     2 |     7 |     1 ||    10
 Armour: Animal skin       |    21 |       |       ||    21
         Ring mail         |    39 |    21 |       ||    60
         Chain mail        |       |    86 |    64 ||   150
  Dodge: Dodged            |   107 |    72 |    21 ||   200

Table legend: (Time is in decaauts)
 A = Elapsed time spent in this place.
 B = Non-inter-level travel time spent in this place.
 C = Inter-level travel time spent in this place.
 D = Time resting spent in this place.
 E = Time spent auto-exploring this place.
 F = Levels seen in this place.
 G = Mean time per level.
                   A        B        C        D        E       F      G
               +--------+--------+--------+--------+--------+-----+--------+
         Total |   2630 |   2538 |     92 |      0 |   1711 |   6 |  438.3 |
       Dungeon |   2630 |   2538 |     92 |      0 |   1711 |   6 |  438.3 |
               +--------+--------+--------+--------+--------+-----+--------+

Top non-repeatable levels by time:
     D:3: 735 daAuts
     D:4: 690 daAuts
     D:2: 578 daAuts
     D:1: 560 daAuts
     D:8: 41 daAuts
     D:5: 23 daAuts
